 Dungeon Crawl Stone Soup version 0.21.1-1-g345015f (webtiles) character file.

169 gyp21 the Magician (level 5, -2/38 HPs)
             Began as a Mummy Fire Elementalist on Apr 25, 2018.
             Slain by Kairos's ghost (3 damage)
             ... on level 4 of the Dungeon.
             The game lasted 00:07:54 (3276 turns).

gyp21 the Magician (Mummy Fire Elementalist)        Turns: 3276, Time: 00:07:55

Health: -2/38      AC:  3    Str: 11    XL:     5   Next: 25%
Magic:  1/10       EV: 13    Int: 15    God:
Gold:   145        SH:  0    Dex: 13    Spells: 3/11 levels left

rFire    x . .     SeeInvis .   j - +0 longbow
rCold    + . .     Gourm    .   (shield currently unavailable)
rNeg     + + +     Faith    .   a - +0 robe
rPois    ∞         Spirit   .   d - +1 hat
rElec    .         Reflect  .   (no cloak)
rCorr    .         Harm     .   (no gloves)
MR       .....                  (no boots)
Stlth    ++........             (no amulet)
HPRegen  0.12/turn              (no ring)
MPRegen  0.12/turn              (no ring)

@: very slightly contaminated
A: no food or potions, fire vulnerability, cold resistance 1, negative energy
resistance 3, torment resistance, unbreathing
a: no special abilities


You were on level 4 of the Dungeon.
You were not hungry.

You visited 1 branch of the dungeon, and saw 4 of its levels.

You collected 145 gold pieces.

Inventory:

Hand Weapons
 j - a +0 longbow (weapon)
Missiles
 k - 2 arrows (quivered)
Armour
 a - a +0 robe (worn)
 d - a +1 hat (worn)
Scrolls
 c - a scroll of blinking {unknown}
 e - 6 scrolls of identify {unknown}
 f - 3 scrolls of remove curse {unknown}
 g - a scroll of teleportation {unknown}
 h - 2 scrolls of fear {unknown}
 i - a scroll of noise {unknown}
Books
 b - a book of Flames

   Spells                             Type                      Level
   a - Flame Tongue                   Conjuration/Fire             1
   b - Throw Flame                    Conjuration/Fire             2
   c - Conjure Flame                  Conjuration/Fire             3
   d - Inner Flame                    Hexes/Fire                   3
   e - Sticky Flame                   Conjuration/Fire             4
   f - Fireball                       Conjuration/Fire             5


   Skills:
 + Level 2.0 Fighting
 + Level 2.4 Dodging
 - Level 1.5 Stealth
 + Level 3.8 Spellcasting
 + Level 1.9 Conjurations
 + Level 3.0 Fire Magic


You had 3 spell levels left.
You knew the following spells:

 Your Spells              Type           Power        Failure   Level  Hunger
a - Flame Tongue          Conj/Fire      ##...        6%          1    N/A
b - Conjure Flame         Conj/Fire      ##......     19%         3    N/A
c - Sticky Flame          Conj/Fire      ##......     54%         4    N/A

Dungeon Overview and Level Annotations

Branches:
Dungeon (4/15)
 Temple: D:4-7

Altars:
Fedhas

Annotations:
D:4 Kairos's ghost, amateur VSFi


Innate Abilities, Weirdness & Mutations

You do not eat or drink.
Your flesh is vulnerable to fire.
You are immune to poison.
Your flesh is cold resistant. (rC+)
You are immune to negative energy. (rN+++)
You are immune to unholy pain and torment.
You can survive without breathing.


Message History

Firing (i - inventory):
k - 4 arrows (quivered)
Press: ? - help, Shift-Dir - straight line, f/p - Kairos's ghost
Aim: Kairos's ghost, wielding a weapon of flaming (heavily damaged)
You shoot an arrow. The orc shouts!
The arrow hits Kairos's ghost!
Kairos's ghost is almost destroyed.
Kairos's ghost closely misses you.
Firing (i - inventory):
k - 3 arrows (quivered)
Press: ? - help, Shift-Dir - straight line, f/p - Kairos's ghost
Aim: Kairos's ghost, wielding a weapon of flaming (almost destroyed)
You shoot an arrow.
The arrow hits Kairos's ghost but does no damage.
Kairos's ghost is almost destroyed.
Kairos's ghost hits you!
* * * LOW HITPOINT WARNING * * *
Kairos's ghost burns you.
* * * LOW HITPOINT WARNING * * *
Kairos's ghost hits you.
You die...

..# ..# ...
.. #.#
#..## #..#
#@# #§Wo..#
.o...(.#
..(.>....#
#...o..((.#
#.........#
#.........#
#..(......#


You could see Kairos's ghost and 3 orcs.

Vanquished Creatures
  A bullfrog skeleton (D:3)
  Terence (D:2)
  5 adders
  A worm (D:2)
  2 dart slugs
  3 leopard geckos
  An orc (D:4)
  3 ball pythons (D:1)
  2 giant cockroaches
  3 goblins
  5 hobgoblins
  10 jackals
  A quokka (D:3)
  4 bats
  9 frilled lizards
  7 kobolds
  5 rats
63 creatures vanquished.

Notes
Turn   | Place    | Note
-------+----------+-------------------------------------------
     0 | D:1      | gyp21 the Mummy Fire Elementalist began the quest for the Orb.
     0 | D:1      | Reached XP level 1. HP: 13/13 MP: 4/4
   293 | D:1      | Reached skill level 1 in Conjurations
   355 | D:1      | Reached XP level 2. HP: 20/20 MP: 3/5
   933 | D:2      | Reached skill level 1 in Fighting
  1004 | D:2      | Reached XP level 3. HP: 26/26 MP: 5/7
  1864 | D:2      | Learned a level 3 spell: Conjure Flame
  2040 | D:2      | Noticed Terence
  2044 | D:2      | Killed Terence
  2044 | D:2      | Reached XP level 4. HP: 29/32 MP: 3/9
  2072 | D:2      | Learned a level 4 spell: Sticky Flame
  2236 | D:3      | Found a blossoming altar of Fedhas.
  2777 | D:3      | Reached XP level 5. HP: 35/38 MP: 3/10
  3266 | D:4      | Noticed Kairos's ghost (amateur VSFi)
  3276 | D:4      | HP: 1/38 [Kairos's ghost (6)]
  3276 | D:4      | Slain by Kairos's ghost

Skill      XL: |  1  2  3  4  5 |
---------------+----------------+-----
Conjurations   | 1 |  1.9
Spellcasting   | 3 |  3.8
Fighting       | 1 2 |  2.0
Dodging        | 2 |  2.4
Fire Magic     | 3 |  3.0
Stealth        | |  1.5

Action                   |  1- 3 |  4- 6 || total
-------------------------+-------+-------++-------
Melee: Unarmed           |    11 |       ||    11
 Fire: Longbow           |       |    18 ||    18
 Cast: Flame Tongue      |    67 |    30 ||    97
       Conjure Flame     |       |     1 ||     1
Armor: Robe              |    14 |     4 ||    18
Dodge: Dodged            |    38 |    18 ||    56
